 Dungeon Crawl Stone Soup version 0.19.1-1-g22dce08 (webtiles) character file.

274518 theAP the Bludgeoner (level 20, -12/136 HPs)
             Began as a Gargoyle Fighter on Jan 4, 2017.
             Was a High Priest of Qazlal.
             Killed by divine providence
             ... invoked by a smoke demon
             ... summoned by a shadow demon
              (14 damage)
             ... on level 3 of the Abyss.
             The game lasted 02:23:05 (28487 turns).

theAP the Bludgeoner (Gargoyle Fighter)            Turns: 28487, Time: 02:23:07

Health: -12/136    AC: 42    Str: 33    XL:     20   Next: 32%
Magic:  29/29      EV: 19    Int: 10    God:    Qazlal [*****.]
Gold:   1823       SH: 23    Dex:  7    Spells: 0 memorised, 25 levels left

rFire  . . .     SeeInvis +     s - +6 eveningstar (freeze)
rCold  . . .     Gourm    .     r - +4 scale mail "Cillium" {Regen+ Str+2 Int-3 SInv}
rNeg   + . .     Faith    .     x - +3 warlock's mirror {reflect}
rPois  ∞         Spirit   .     F - +2 hat
rElec  +         Reflect  +     z - +1 cloak
rCorr  .         Harm     .     k - +2 pair of gloves
MR     +....     Clarity  +     c - +2 pair of boots
Stlth  ..........               W - brooch of Shielding {Reflect SH+8}
                                D - +4 ring of strength
                                P - +6 ring of evasion

@: about to teleport, protected from physical damage, flying, very slightly
contaminated, repel missiles
A: antennae 1, big wings, hooves 2, thin metallic scales 2, agile 1, berserk 2,
clarity, clever 1, clumsy 2, deformed body, deterioration 2, negative energy
resistance 1, electricity resistance, unbreathing, petrification resistance, rot
immunity, AC +15
a: Stop Flying, Upheaval, Elemental Force, Disaster Area, Renounce Religion
}: 2/15 runes: decaying, gossamer


You were on level 3 of the Abyss.
You worshipped Qazlal.
Qazlal was extremely pleased with you.
You were not hungry.

You visited 7 branches of the dungeon, and saw 35 of its levels.
You visited the Abyss 1 time.
You also visited: Labyrinth and Ice Cave.

You collected 2691 gold pieces.
You spent 868 gold pieces at shops.

Inventory:

Hand Weapons
 s - a +6 eveningstar of freezing (weapon)
Armour
 c - a +2 pair of boots (worn)
 k - a +2 pair of gloves (worn)
 o - +0 fire dragon scales
 r - the +4 scale mail "Cillium" (worn) {Regen+ Str+2 Int-3 SInv}
   (You found it on level 4 of the Dungeon)

   It affects your strength (+2).
   It affects your intelligence (-3).
   It lets you see invisible.
   It increases your rate of regeneration.
 x - the +3 warlock's mirror (worn) {reflect}
   (You found it on level 2 of the Lair of Beasts)
 z - a +1 cloak (worn)
 F - a +2 hat (worn)
 I - +0 swamp dragon scales
Jewellery
 i - an uncursed ring of resist corrosion
 v - an uncursed amulet of guardian spirit
 D - a +4 ring of strength (right hand)
 P - a +6 ring of evasion (left hand)
 W - the brooch of Shielding (around neck) {Reflect SH+8}
   (You bought it in a shop on level 6 of the Dungeon)

   [amulet of reflection]

   It shields you and reflects attacks.
   It affects your SH (+8).
Wands
 e - a wand of slowing (33/48)
 C - a wand of digging (16/24)
 M - a wand of lightning (5/15)
 V - a wand of slowing (34/48)
Scrolls
 m - 19 scrolls of teleportation
 n - 9 scrolls of recharging
 p - 9 scrolls of fear
 E - a scroll of amnesia
 J - 12 scrolls of remove curse
 L - 5 scrolls of identify
 T - a scroll of magic mapping
 X - a scroll of summoning
 Z - a scroll of fog
Potions
 d - 2 potions of cancellation
 g - 7 potions of haste
 h - 4 potions of agility
 l - 3 potions of magic
 q - a potion of curing
 u - 3 potions of brilliance
 A - 2 potions of cure mutation
 B - 2 potions of resistance
 H - 5 potions of ambrosia
 R - 2 potions of mutation
 U - 2 potions of might
Books
 b - a Fen Folio

   Spells                             Type                      Level
   a - Corpse Rot                     Necromancy                   2
   b - Stone Arrow                    Conjuration/Earth            3
   c - Leda's Liquefaction            Hexes/Earth                  4
   d - Summon Forest                  Summoning/Translocation      5
   e - Hydra Form                     Transmutation                6
   f - Summon Hydra                   Summoning                    7
 t - a Young Poisoner's Handbook

   Spells                             Type                      Level
   a - Sting                          Conjuration/Poison           1
   b - Mephitic Cloud                 Conjuration/Poison/Air       3
   c - Olgreb's Toxic Radiance        Poison                       4
   d - Alistair's Intoxication        Transmutation/Poison         5
   e - Venom Bolt                     Conjuration/Poison           5
 N - a book of Power

   Spells                             Type                      Level
   a - Fulminant Prism                Conjuration/Hexes            4
   b - Iskenderun's Mystic Blast      Conjuration                  4
   c - Venom Bolt                     Conjuration/Poison           5
   d - Bolt of Magma                  Conjuration/Fire/Earth       5
   e - Iron Shot                      Conjuration/Earth            6
   f - Orb of Destruction             Conjuration                  7
   g - Spellforged Servitor           Conjuration/Summoning        7
 O - a book of Air

   Spells                             Type                      Level
   a - Shock                          Conjuration/Air              1
   b - Swiftness                      Charms/Air                   2
   c - Repel Missiles                 Charms/Air                   2
   d - Static Discharge               Conjuration/Air              3
   e - Lightning Bolt                 Conjuration/Air              5
 Q - the Reference Book on Darkness
   (You found it on level 1 of the Elven Halls)

   Spells                             Type                      Level
   a - Sublimation of Blood           Necromancy                   2
   b - Vampiric Draining              Necromancy                   3
   c - Animate Dead                   Necromancy                   4
   d - Simulacrum                     Ice/Necromancy               6
Miscellaneous
 w - a lamp of fire
 y - a disc of storms
 Y - a phial of floods
Comestibles
 f - 17 bread rations
 j - 11 meat rations
 K - a royal jelly
 S - 3 beef jerkies


   Skills:
 + Level 18.2 Fighting
 + Level 19.9 Maces & Flails
 - Level 11.8 Armour
 - Level 7.4 Dodging
 + Level 9.5 Shields
 + Level 3.1 Spellcasting
 - Level 12.3 Invocations
 - Level 10.4 Evocations


You had 25 spell levels left.
You didn't know any spells.

Dungeon Overview and Level Annotations

Branches:
Dungeon (15/15)            Temple (1/1) D:4            Lair (6/6) D:11
  Swamp (4/4) Lair:3       Spider (4/4) Lair:4        Slime (0/5) Lair:6
    Orc (2/2) D:9             Elf (3/3) Orc:2        Vaults (0/5) D:14
 Depths (0/5) D:15

Altars:
Ashenzari
Cheibriados
Dithmenos
Elyvilon
Fedhas
Gozag
Hepliaklqana
Kikubaaqudgha
Makhleb
Nemelex Xobeh
Okawaru
Qazlal
Ru
Sif Muna
Trog
Uskayaw
Vehumet
Xom
Yredelemnul
Zin
The Shining One
Beogh

Shops:
D:6 =   D:9 %**([   Orc:1 =   Orc:2 (([!   Elf:1 ((%!!   Elf:2 [

Portals:
Hell: Lair:6


Innate Abilities, Weirdness & Mutations

You are resistant to torment.
Your stone body is resilient. (AC +15)
You are immune to poison.
Your large and strong wings let you fly indefinitely.
You resist negative energy. (rN+)
You are resistant to electric shocks. (rElec)
You can survive without breathing.
You are immune to petrification.
You are immune to rotting.
You have a pair of small antennae on your head.
You have hoof-like feet.
You are mostly covered in thin metallic scales. (AC +3)
You are agile. (Dex +2)
You possess an exceptional clarity of mind.
Your mind is acute. (Int +2)
[You often lose your temper in combat.]
[You are very clumsy. (Dex -4)]
[Armour fits poorly on your strangely shaped body.]
[Your body often deteriorates upon taking damage.]


Message History

You block the bone dragon's attack.
You feel better.
The thrashing horror roars!
The thrashing horror tramples you but does no damage.
You block the thrashing horror's attack. x2
The thrashing horror tramples you but does no damage.
The thrashing horror is struck by lightning.
The thrashing horror barely misses you.
You block the thrashing horror's attack. x3
The small abomination misses you. A chorus of shrieks assaults your mind.
* * * LOW HITPOINT WARNING * * *
The small abomination closely misses you.
The bone dragon bites you!!
* * * LOW HITPOINT WARNING * * *
The bone dragon claws you but does no damage.
The bone dragon tramples you but does no damage.
The smoke demon gestures at you. Something smites you!
You die...

#..≈≈≈#.≈ ....#.#
.#... . ≈ ...#.....#
..... .. .. ......D
... #.....#.. .X#
#.. #.XX###...##
##.## ##.## # .##
##..§###...###... #
##!#.§.Xx#sX3..#....
# .....§§@DXX344...#
# .#.#..X§x#2244...#
# ##§..###§4.. ## #
##.## #.4...# # #..
#......# # #...
...##X(.J .....
..### #X .# .#... #.
.X..


You could see a bone dragon, 2 starcursed masses, a demonic crawler, 2 shadow
demons, an orange demon, 3 thrashing horrors, 2 ice devils, a smoke demon, a
neqoxec, 2 chaos spawn and 2 small abominations.

Vanquished Creatures
  Nikola (Swamp:1)
  Arachne (Spider:3)
  Rupert (Lair:4)
  A deep elf blademaster (Elf:2)
  6 thorn hunters
  Donald (Orc:2)
  A ghost moth (Spider:4)
  7 emperor scorpions
  An orc warlord (Orc:2)
  The ghost of crawlian the Scorcher, an adept DEFE of Vehumet (Spider:2)
  2 entropy weavers (Spider:4)
  A dire elephant (Lair:6)
  A deep elf annihilator (Elf:1)
  A spark wasp (Spider:4)
  2 blizzard demons (IceCv)
  A deep elf death mage (Elf:1)
  A minotaur (Lab)
  A yaktaur captain (D:14)
  Josephine (D:15)
  2 fire dragons
  A deep elf high priest (D:14)
  A hell beast (Lair:6)
  19 hydras
  An ice dragon (Swamp:2)
  A ghost crab (Swamp:2)
  A catoblepas (D:14)
  2 centaur warriors
  Erica (D:8)
  An ogre mage (D:14)
  18 dancing weapons
  8 alligators
  Urug (D:15)
  The ghost of kae the Basher, a novice FoFi of Okawaru (D:8)
  4 thrashing horrors (Abyss:3)
  4 orc high priests (Orc:2)
  3 spriggans
  Sonja (D:15)
  12 deep elf knights
  2 spriggan druids
  2 skeletal warriors (D:15)
  A deep elf archer (Elf:1)
  A titan skeleton (D:15)
  10 unseen horrors
  12 swamp dragons
  A flayed ghost (D:14)
  2 tengu zombies (D:15)
  A wizard (Lair:6)
  5 shambling mangroves
  4 hill giants
  2 lindwurms (Swamp:4)
  A phantasmal warrior (D:15)
  A hill giant (shapeshifter) (D:14)
  6 orc knights
  27 deep elf magi
  3 necromancers
  16 orb spiders
  24 wolf spiders
  3 manticores
  5 ugly things
  A salamander (shapeshifter) (D:14)
  4 orc sorcerers (Orc:2)
  4 oklob plants
  3 moths of wrath
  5 elephants (Lair:5)
  5 gargoyles
  4 ice statues (IceCv)
  25 spiny frogs
  A torpor snail (Spider:2)
  3 orange demons (Lair:6)
  7 black mambas
  3 rime drakes (Lair:6)
  A kobold demonologist (D:11)
  An efreet (D:14)
  5 komodo dragons
  A golden dragon simulacrum (IceCv)
  A hellwing (Lair:6)
  14 ice devils
  2 yaktaurs (D:14)
  10 demonic crawlers
  3 meliai (Spider:3)
  2 red devils (Lair:6)
  A polar bear (Lair:6)
  2 tyrant leeches (Swamp:1)
  18 jumping spiders
  23 hornets
  10 trolls
  5 two-headed ogres
  39 slime creatures
  4 hippogriffs
  10 bog bodies
  A fire dragon zombie (D:15)
  9 blink frogs
  A hippogriff (shapeshifter) (Abyss:3)
  7 large abominations
  Sigmund (D:2)
  2 air elementals
  A dire elephant simulacrum (IceCv)
  2 water elementals
  30 yaks
  A shadow (D:11)
  63 redbacks
  3 wraiths (D:15)
  27 tarantellas
  3 hogs (D:9)
  A fire elemental (Elf:2)
  A basilisk (D:14)
  3 hungry ghosts
  4 wyverns
  A human (D:9)
  20 vampire mosquitoes
  7 wargs
  Menkaure (D:6)
  20 swamp worms
  4 harpy simulacra (IceCv)
  12 insubstantial wisps (Swamp:2)
  An iron troll simulacrum (IceCv)
  3 hydra simulacra (IceCv)
  10 water moccasins
  Duvessa (D:5)
  9 porcupines
  45 orc warriors
  3 phantoms
  13 swamp drakes
  A necrophage (D:11)
  2 ice beasts
  2 eyes of draining
  9 sky beasts
  3 black bears
  22 wolves
  6 centaurs
  12 ogres
  The ghost of Yoshimo the Insei, an amateur DsMo (D:4)
  19 crocodiles
  2 elf zombies (Elf:1)
  A wyvern zombie (D:14)
  A gnoll sergeant (D:9)
  11 bullfrogs
  2 water moccasin zombies
  2 wyvern skeletons
  A water moccasin skeleton (D:10)
  Dowan (D:5)
  4 scorpions
  11 killer bees
  4 electric eels
  3 howler monkeys
  13 wights
  A centaur zombie (D:6)
  3 crimson imps
  A quasit (D:11)
  2 bullfrog zombies
  6 hounds
  11 jellies
  Crazy Yiuf (D:2)
  4 centaur skeletons
  A gnoll shaman (D:10)
  33 orc priests
  2 bullfrog skeletons
  24 orc wizards
  8 iguanas
  16 worker ants
  A statue (D:8)
  3 hound skeletons
  2 worker ant zombies
  8 gnolls
  10 adders
  A shadow imp (D:12)
  15 oozes
  An adder skeleton (D:8)
  2 worms
  2 dart slugs
  2 leopard geckos
  105 orcs
  8 bats
  4 bat skeletons (D:2)
  2 bat zombies (D:2)
  6 giant cockroaches
  4 goblins
  9 hobgoblins
  8 jackals
  5 kobolds
  6 quokkas
  3 ball pythons
  5 frilled lizards
  A jackal skeleton (D:5)
  A leopard gecko skeleton (D:5)
  2 leopard gecko zombies
  2 quokka skeletons
  7 rats
  20 briar patches
  2 bushes (Lair:1)
  38 fungi
  2 lurking horrors (Abyss:3)
  16 plants
  2 withered plants (D:15)
1321 creatures vanquished.

Vanquished Creatures (collateral kills)
  A dancing weapon (Elf:2)
  A slime creature (Swamp:4)
  A swamp worm (Swamp:3)
3 creatures vanquished.

Vanquished Creatures (others)
  A ghost moth (Spider:4)
  Nessos (D:12)
  2 centaur warriors
  A deep elf archer (Elf:1)
  A lindwurm (Swamp:4)
  A yaktaur (D:15)
  A slime creature (D:14)
  A bog body (Swamp:2)
  2 centaurs (D:14)
  An orc (D:12)
  4 briar patches (Swamp:2)
  29 fungi
  5 plants
50 creatures vanquished.

Grand Total: 1374 creatures vanquished

Notes
Turn   | Place    | Note
-------+----------+-------------------------------------------
     0 | D:1      | theAP the Gargoyle Fighter began the quest for the Orb.
     0 | D:1      | Reached XP level 1. HP: 14/14 MP: 1/1
   128 | D:1      | Reached XP level 2. HP: 14/19 MP: 2/2
   369 | D:1      | Reached XP level 3. HP: 22/24 MP: 3/3
  1082 | D:2      | Reached XP level 4. HP: 21/29 MP: 4/4
  1110 | D:2      | Noticed Sigmund
  1119 | D:2      | HP: 1/29 [something (3)]
  1122 | D:2      | Killed Sigmund
  1122 | D:2      | Reached skill level 4 in Maces & Flails
  1122 | D:2      | Reached XP level 5. HP: 2/34 MP: 5/5
  1122 | D:2      | Reached XP level 6. HP: 2/39 MP: 6/6
  1531 | D:2      | Found a runed door.
  1537 | D:2      | Noticed Crazy Yiuf
  1546 | D:2      | Killed Crazy Yiuf
  1849 | D:2      | Found an ancient bone altar of Kikubaaqudgha.
  2105 | D:3      | Reached skill level 5 in Fighting
  2210 | D:3      | Reached skill level 5 in Shields
  2459 | D:4      | Got a faintly humming scale mail
  2470 | D:4      | Identified the +4 scale mail "Cillium" {Regen+ Str+2 Int-3 SInv} (You found it on level 4 of the Dungeon)
  2643 | D:4      | Found a staircase to the Ecumenical Temple.
  2658 | D:4      | Reached XP level 7. HP: 43/44 MP: 7/7
  2689 | Temple   | Entered the Ecumenical Temple
  2786 | Temple   | Became a worshipper of Qazlal Stormbringer
  2831 | D:4      | Noticed Yoshimo's ghost (amateur DsMo)
  2851 | D:4      | Killed Yoshimo's ghost
  2851 | D:4      | Reached skill level 5 in Maces & Flails
  3170 | D:5      | Entered Level 5 of the Dungeon
  3208 | D:5      | Noticed Dowan
  3210 | D:5      | Noticed Duvessa
  3223 | D:5      | Killed Dowan
  3239 | D:5      | Killed Duvessa
  3239 | D:5      | Reached skill level 6 in Maces & Flails
  3239 | D:5      | Reached XP level 8. HP: 42/51 MP: 8/8
  3678 | D:5      | Reached * piety under Qazlal
  3809 | D:5      | Reached skill level 7 in Maces & Flails
  4087 | D:6      | Found Zozeunn's Jewellery Boutique.
  4157 | D:6      | Noticed Menkaure
  4164 | D:6      | Killed Menkaure
  4751 | D:7      | Reached skill level 8 in Maces & Flails
  4751 | D:7      | Reached XP level 9. HP: 53/56 MP: 9/9
  4769 | D:7      | Reached ** piety under Qazlal
  4974 | D:7      | Reached skill level 9 in Maces & Flails
  5054 | D:7      | Found a white marble altar of Elyvilon.
  5378 | D:8      | Noticed kae's ghost (novice FoFi)
  5425 | D:8      | Killed kae's ghost
  5425 | D:8      | Reached skill level 10 in Maces & Flails
  5425 | D:8      | Reached XP level 10. HP: 65/65 MP: 10/10
  5436 | D:8      | Found an opulent altar of Gozag.
  5492 | D:8      | Found a hazy altar of Hepliaklqana.
  5718 | D:8      | Noticed Erica
  5736 | D:8      | Killed Erica
  5822 | D:8      | Reached *** piety under Qazlal
  5839 | D:8      | Found a radiant altar of Vehumet.
  5851 | D:8      | Gained mutation: Your muscles are strong. (Str +2) [potion of beneficial mutation]
  5853 | D:8      | Gained mutation: You possess an exceptional clarity of mind. [potion of mutation]
  5853 | D:8      | Gained mutation: You have a pair of small antennae on your head. [potion of mutation]
  5853 | D:8      | Gained mutation: You are agile. (Dex +2) [potion of mutation]
  6062 | D:8      | You fall through a shaft for 3 floors!
  6062 | D:11     | Noticed a gargoyle
  6080 | D:11     | Reached skill level 11 in Maces & Flails
  6087 | D:11     | Killed a gargoyle
  6156 | D:11     | Found a staircase to the Lair.
  6157 | D:11     | Noticed an oklob plant
  6170 | D:11     | Noticed an oklob plant
  6204 | D:11     | Noticed a brown ugly thing
  6219 | D:11     | Killed a brown ugly thing
  6244 | D:11     | Found an opulent altar of Gozag.
  6255 | D:11     | Reached XP level 11. HP: 71/72 MP: 14/14
  6259 | D:11     | Noticed a hill giant
  6273 | D:11     | Killed a hill giant
  6308 | D:11     | Noticed a green ugly thing
  6309 | D:11     | Noticed a manticore
  6313 | D:11     | Noticed a green ugly thing
  6319 | D:11     | Killed a green ugly thing
  6333 | D:11     | Killed a green ugly thing
  6333 | D:11     | Reached skill level 10 in Fighting
  6346 | D:11     | Killed a manticore
  6346 | D:11     | Reached skill level 12 in Maces & Flails
  6346 | D:11     | Reached skill level 5 in Invocations
  6373 | D:11     | Found a glowing golden altar of the Shining One.
  6385 | D:11     | Noticed a six-headed hydra
  6400 | D:11     | Killed a six-headed hydra
  6430 | D:11     | Gained mutation: Your spells are a little harder to cast, but a little more powerful. [mutagenic meat]
  6431 | D:11     | Gained mutation: You are partially covered in thin metallic scales. (AC +2) [mutagenic meat]
  6511 | D:11     | Noticed a hill giant
  6528 | D:11     | Killed a hill giant
  6650 | D:11     | Reached **** piety under Qazlal
  6673 | D:11     | Noticed a brown ugly thing
  6703 | D:11     | Killed a brown ugly thing
  6774 | D:10     | Entered Level 10 of the Dungeon
  7069 | D:9      | Found Kicod's General Store.
  7088 | D:9      | Noticed an unseen horror
  7100 | D:9      | Killed an unseen horror
  7100 | D:9      | Reached skill level 13 in Maces & Flails
  7108 | D:9      | Reached XP level 12. HP: 74/79 MP: 16/16
  7160 | D:9      | Found Zucol Rowy's Assorted Antiques.
  7160 | D:9      | Found Bamiur's Food Shoppe.
  7285 | D:9      | Found Geqiuhum's Antique Armour Emporium.
  7348 | D:9      | Found Ceeroh's Antique Weapon Shoppe.
  7577 | D:9      | Found a staircase to the Orcish Mines.
  8020 | D:6      | Bought the brooch of Shielding {Reflect SH+8} for 448 gold pieces
  8229 | D:10     | Identified a scroll of acquirement
  8978 | D:12     | Reached ***** piety under Qazlal
  8995 | D:12     | Noticed Nessos
  9000 | D:12     | Killed Nessos
  9000 | D:12     | Reached skill level 14 in Maces & Flails
  9484 | D:13     | Gained mutation: You have sharp toenails. [mutagenic meat]
  9485 | D:13     | Gained mutation: Potions and wands are less effective at restoring your health. [mutagenic meat]
  9486 | D:13     | Gained mutation: Scrolls take you a little longer to read. [mutagenic meat]
  9486 | D:13     | Lost mutation: Scrolls take you a little longer to read. [potion of cure mutation]
  9486 | D:13     | Lost mutation: You have sharp toenails. [potion of cure mutation]
  9486 | D:13     | Lost mutation: Your muscles are strong. (Str +2) [potion of cure mutation]
  9486 | D:13     | Lost mutation: Potions and wands are less effective at restoring your health. [potion of cure mutation]
  9486 | D:13     | Lost mutation: Your spells are a little harder to cast, but a little more powerful. [potion of cure mutation]
  9507 | D:13     | Found a labyrinth entrance.
  9548 | Lab      | Entered a labyrinth
  9709 | Lab      | Noticed a minotaur
  9727 | Lab      | Killed a minotaur
  9776 | D:13     | Found an ancient bone altar of Kikubaaqudgha.
  9992 | D:13     | Noticed a centaur warrior
 10000 | D:13     | Killed a centaur warrior
 10002 | D:13     | Reached XP level 13. HP: 86/86 MP: 19/19
 10135 | D:13     | You fall through a shaft for 2 floors!
 10135 | D:15     | Entered Level 15 of the Dungeon
 10282 | D:14     | Reached skill level 15 in Maces & Flails
 10314 | D:14     | Noticed a deep elf high priest
 10326 | D:14     | Killed a deep elf high priest
 10388 | D:14     | Got a slimy morningstar
 10389 | D:14     | Identified the +8 morningstar of a Spat {vamp, rN+ MR- Str-4 Dex+7} (You found it on level 14 of the Dungeon)
 10699 | D:14     | Noticed a yaktaur captain
 10699 | D:14     | Found a gate to the Vaults.
 10707 | D:14     | Killed a yaktaur captain
 10982 | D:14     | Noticed a fire dragon
 10989 | D:14     | Killed a fire dragon
 11142 | D:15     | Reached skill level 10 in Invocations
 11174 | D:15     | Noticed Urug
 11189 | D:15     | Reached skill level 16 in Maces & Flails
 11203 | D:15     | Killed Urug
 11204 | D:15     | Found a staircase to the Depths.
 11208 | D:15     | Gained mutation: Your large and strong wings let you fly indefinitely. [Gargoyle growth]
 11208 | D:15     | Reached XP level 14. HP: 65/94 MP: 21/21
 11375 | D:15     | Gained mutation: You are mostly covered in thin metallic scales. (AC +3) [potion of beneficial mutation]
 11376 | D:15     | Gained mutation: You have large cloven feet. [potion of beneficial mutation]
 11444 | D:15     | Found a stormy altar of Qazlal.
 11584 | D:15     | Noticed Josephine
 11591 | D:15     | Killed Josephine
 11685 | D:15     | Noticed Sonja
 11696 | D:15     | Killed Sonja
 12150 | Lair:1   | Entered Level 1 of the Lair of Beasts
 12252 | Lair:1   | Reached ****** piety under Qazlal
 12371 | Lair:1   | Identified the +1 flail of Zin {holy, Int+4} (You found it on level 1 of the Lair of Beasts)
 12456 | Lair:1   | Got a fine scale mail
 12467 | Lair:1   | Identified the +6 scale mail of Shadows and Fog {Dex+4} (You found it on level 1 of the Lair of Beasts)
 13952 | Lair:3   | Found a staircase to the Swamp.
 14656 | Lair:4   | Noticed Rupert
 14669 | Lair:4   | Reached skill level 17 in Maces & Flails
 14690 | Lair:4   | Killed Rupert
 14690 | Lair:4   | Reached skill level 5 in Armour
 14820 | Lair:4   | Found a hole to the Spider Nest.
 15534 | Lair:5   | Reached XP level 15. HP: 92/100 MP: 23/23
 16117 | Lair:6   | Entered Level 6 of the Lair of Beasts
 16351 | Lair:6   | Found a burning altar of Makhleb.
 16359 | Lair:6   | Found a gateway to Hell.
 16488 | Lair:6   | Found a staircase to the Slime Pits.
 16575 | Lair:6   | Reached skill level 1 in Evocations
 17186 | Orc:1    | Entered Level 1 of the Orcish Mines
 17391 | Orc:1    | Found Ycecuk's Jewellery Emporium.
 17495 | Orc:2    | Entered Level 2 of the Orcish Mines
 17867 | Orc:2    | Noticed Donald
 17882 | Orc:2    | Killed Donald
 17935 | Orc:2    | Noticed an orc warlord
 17945 | Orc:2    | Killed an orc warlord
 17945 | Orc:2    | Reached skill level 15 in Fighting
 17999 | Orc:2    | Found Jefil's Weapon Shop.
 18015 | Orc:2    | Found a roughly hewn altar of Beogh.
 18173 | Orc:2    | Found Erist's Weapon Shoppe.
 18523 | Orc:2    | Found a staircase to the Elven Halls.
 18619 | Orc:2    | Reached XP level 16. HP: 108/108 MP: 25/25
 18716 | Orc:2    | Found a roughly hewn altar of Beogh.
 18838 | Orc:2    | Found Rarawitz's Distillery.
 18841 | Orc:2    | Found Dealucep's Antique Armour Shop.
 19303 | Spider:1 | Entered Level 1 of the Spider Nest
 19362 | Spider:1 | Reached skill level 18 in Maces & Flails
 19797 | Spider:2 | Noticed crawlian's ghost (adept DEFE)
 19808 | Spider:2 | Killed crawlian's ghost
 19861 | Spider:2 | Reached skill level 5 in Evocations
 20604 | Spider:2 | Identified the +2 scale mail of Asyumpau {rC++} (You found it on level 2 of the Spider Nest)
 20963 | Spider:3 | Reached skill level 10 in Armour
 21262 | Spider:3 | Noticed Arachne
 21293 | Spider:3 | Killed Arachne
 21661 | Spider:4 | Entered Level 4 of the Spider Nest
 21672 | Spider:4 | Reached XP level 17. HP: 106/115 MP: 26/26
 22106 | Spider:4 | Reached XP level 18. HP: 120/120 MP: 27/27
 22369 | Spider:4 | Got a gossamer rune of Zot
 22593 | Swamp:1  | Entered Level 1 of the Swamp
 22593 | Swamp:1  | Noticed Nikola
 22596 | Swamp:1  | Killed Nikola
 23428 | Swamp:2  | Reached skill level 19 in Maces & Flails
 23593 | Swamp:2  | Found a frozen archway.
 23610 | IceCv    | Entered an ice cave
 23739 | IceCv    | Reached skill level 5 in Dodging
 23791 | IceCv    | Reached XP level 19. HP: 127/127 MP: 28/28
 24006 | IceCv    | Got a pair of faintly humming gloves
 24017 | IceCv    | Identified the cursed -5 pair of gloves of the Blessed Realm {rN++ Dex-3} (You found it in an ice cave)
 24034 | IceCv    | Identified the cursed +2 mace of Dividends {protect, Str+4} (You found it in an ice cave)
 24041 | IceCv    | Identified the +4 ring mail of Nemelex Xobeh's Anger {Regen+} (You found it in an ice cave)
 25714 | Swamp:4  | Entered Level 4 of the Swamp
 26138 | Swamp:4  | Got a decaying rune of Zot
 26291 | Swamp:4  | Reached skill level 10 in Evocations
 26742 | Elf:1    | Entered Level 1 of the Elven Halls
 26744 | Elf:1    | Found Tudy's Distillery.
 26877 | Elf:1    | Found Gaefuh's Distillery.
 26890 | Elf:1    | Bought a potion of beneficial mutation for 420 gold pieces
 26892 | Elf:1    | Gained mutation: Your mind is acute. (Int +2) [potion of beneficial mutation]
 27082 | Elf:1    | Gained mutation: You have hoof-like feet. [potion of beneficial mutation]
 27104 | Elf:1    | Identified the Reference Book on Darkness
 27140 | Elf:1    | Found Ywnipa's Food Shop.
 27294 | Elf:1    | Found Ronwill's Antique Weapon Shop.
 27355 | Elf:1    | Found Izusoor's Antique Weapon Shop.
 27661 | Elf:2    | Found Podann's Armour Shop.
 27704 | Elf:2    | Found a deep blue altar of Sif Muna.
 27864 | Elf:2    | Found a huge runed gate.
 27864 | Elf:2    | Found a huge runed gate.
 27864 | Elf:2    | Found a huge runed gate.
 27864 | Elf:2    | Found a huge runed gate.
 27873 | Elf:2    | Found a huge runed gate.
 27901 | Elf:2    | Reached XP level 20. HP: 106/136 MP: 29/29
 27906 | Elf:2    | Reached skill level 1 in Spellcasting
 28314 | Elf:3    | Entered Level 3 of the Elven Halls
 28355 | Elf:3    | Cast into level 3 of the Abyss (a deep elf sorcerer)
 28441 | Abyss:3  | Noticed a bone dragon
 28445 | Abyss:3  | Paralysed by accursed screaming for 1 turns
 28487 | Abyss:3  | HP: 2/136 [bone dragon (18)]
 28487 | Abyss:3  | Killed from afar by a smoke demon

Skill      XL: |  1  2  3  4  5  6  7  8  9 10 11 12 13 14 15 16 17 18 19 20 |
---------------+-------------------------------------------------------------+-----
Fighting       | 4 5 6 8 9 10 12 13 14 15 16 17 18 | 18.2
Shields        | 4 5 6 8 9 |  9.5
Maces & Flails | 4 6 8 10 11 13 14 16 17 18 19 | 19.9
Invocations    | 4 6 8 10 11 12 | 12.3
Armour         | 5 8 10 11 | 11.8
Evocations     | 3 6 7 8 10 | 10.4
Dodging        | 4 5 7 |  7.4
Spellcasting   | 3 |  3.1

Action                   |  1- 3 |  4- 6 |  7- 9 | 10-12 | 13-15 | 16-18 | 19-21 || total
-------------------------+-------+-------+-------+-------+-------+-------+-------++-------
Melee: Flail             |   226 |   190 |   465 |   590 |       |       |       ||  1471
       Morningstar       |       |       |       |   150 |   621 |       |       ||   771
       Kick              |       |       |       |       |   171 |       |       ||   171
       Eveningstar       |       |       |       |       |   563 |   899 |   721 ||  2183
Invok: Upheaval          |       |       |       |     1 |       |     2 |       ||     3
       Disaster Area     |       |       |       |       |     6 |     5 |     7 ||    18
       Elemental Force   |       |       |       |       |       |     3 |     3 ||     6
 Abil: Fly               |       |       |       |       |       |     1 |       ||     1
Evoke: Wand              |       |       |       |       |     1 |     2 |     3 ||     6
  Use: Potion            |       |     1 |     1 |    10 |     3 |     6 |    10 ||    31
       Scroll            |       |    12 |     6 |    24 |    11 |    11 |    17 ||    81
 Stab: Distracted        |       |       |       |     1 |       |       |       ||     1
       Held in net/web   |       |       |       |     1 |       |       |       ||     1
  Eat: Chunk             |       |     6 |    11 |    18 |     3 |       |       ||    38
       Fruit             |       |       |     3 |     1 |     1 |     1 |     4 ||    10
       Beef jerky        |       |       |       |     5 |     3 |       |       ||     8
       Royal jelly       |       |       |       |     1 |       |       |     1 ||     2
       Pizza             |       |       |       |       |    13 |     1 |     2 ||    16
       Bread ration      |       |       |       |       |       |     3 |     1 ||     4
       Meat ration       |       |       |       |       |       |     1 |       ||     1
Armor: Scale mail        |   154 |   121 |   163 |   240 |   183 |   274 |   208 ||  1343
Dodge: Dodged            |    77 |    58 |    87 |    97 |   125 |   340 |   325 ||  1109
       Deflected         |       |       |       |     3 |     3 |     5 |     8 ||    19
Block: Shield            |   156 |   117 |   357 |   681 |   407 |       |       ||  1718
       Reflection        |       |       |       |    22 |    62 |    34 |    70 ||   188
       Buckler           |       |       |       |       |   648 |  1125 |   840 ||  2613
